 Dungeon Crawl Stone Soup version 0.18.1-48-g4cf74bf (webtiles) character file.

2684 Alarkh the Spear-Bearer (level 9, -3/61 HPs)
             Began as a Mummy Skald on July 31, 2016.
             Was a Believer of Okawaru.
             Slain by a killer bee (5 damage)
             ... on level 8 of the Dungeon.
             The game lasted 00:14:16 (8915 turns).

Alarkh the Spear-Bearer (Mummy Skald)               Turns: 8915, Time: 00:14:16

Health: -3/61      AC:  6    Str: 15    XL:     9   Next: 37%
Magic:  13/13      EV: 11    Int: 15    God:    Okawaru [**....]
Gold:   397        SH:  0    Dex: 11    Spells: 3 memorised, 7 levels left

rFire  x . .     SeeInvis .     a - +0 trident
rCold  + . .     Gourm    .     t - +0 robe (curse)
rNeg   + + +     Faith    .     (no shield)
rPois  ∞         Spirit   .     (no helmet)
rElec  .         Dismiss  .     (no cloak)
rCorr  .         Reflect  .     m - +0 pair of gloves
SustAt .         Harm     .     (no boots)
MR     +....                    q - amulet of magic regeneration
Stlth  +.........               s - +4 ring of slaying
                                h - +3 ring of protection

@: somewhat resistant to hostile enchantments, very unstealthy
A: no food or potions, fire vulnerability, cold resistance 1, negative energy
resistance 3, torment resistance, unbreathing
a: Heroism, Renounce Religion


You were on level 8 of the Dungeon.
You worshipped Okawaru.
Okawaru was pleased with you.
You were not hungry.

You visited 2 branches of the dungeon, and saw 9 of its levels.

You collected 397 gold pieces.

Inventory:

Hand Weapons
 a - a +0 trident (weapon)
 p - a +0 spear
Armour
 b - a +0 leather armour
 m - a +0 pair of gloves (worn)
 t - a cursed +0 robe (worn)
Jewellery
 h - a +3 ring of protection (left hand)
 i - an uncursed ring of stealth
 q - an amulet of magic regeneration (around neck)
 s - a +4 ring of slaying (right hand)
Wands
 o - a wand of lightning (7/15)
 w - a wand of random effects (27/48)
Scrolls
 d - a scroll of identify
 e - 2 scrolls of recharging
 f - 2 scrolls of amnesia
 g - a scroll of teleportation
 j - 2 scrolls of remove curse
 k - a scroll of blinking {unknown}
 l - 3 scrolls of enchant weapon
 n - a scroll of immolation {unknown}
 r - a scroll of magic mapping {unknown}
 u - a scroll of noise {unknown}
Books
 c - a book of Battle

   Spells                             Type                      Level
   a - Infusion                       Charms                       1
   b - Shroud of Golubria             Charms/Translocation         2
   c - Song of Slaying                Charms                       2
   d - Spectral Weapon                Hexes/Charms                 3
   e - Regeneration                   Charms/Necromancy            3
 v - a Grand Grimoire

   Spells                             Type                      Level
   a - Monstrous Menagerie            Summoning                    7
   b - Summon Greater Demon           Summoning                    7
   c - Malign Gateway                 Summoning/Translocation      7
   d - Summon Horrible Things         Summoning                    8


   Skills:
 - Level 2.0 Fighting
 + Level 10.5 Polearms
 - Level 0.7 Armour
 - Level 0.7 Dodging
 + Level 2.7 Spellcasting
 + Level 3.0 Charms


You had 7 spell levels left.
You knew the following spells:

 Your Spells              Type           Power        Failure   Level  Hunger
a - Infusion              Chrm           ##..         8%          1    N/A
b - Shroud of Golubria    Chrm/Tloc      #.........   17%         2    N/A
c - Spectral Weapon       Hex/Chrm       #.......     34%         3    N/A

Dungeon Overview and Level Annotations

Branches:
Dungeon (8/15)             Temple (1/1) D:5
   Lair: D:8-11

Altars:
Ashenzari
Cheibriados
Dithmenos
Elyvilon
Fedhas
Gozag
Kikubaaqudgha
Makhleb
Nemelex Xobeh
Okawaru
Pakellas
Qazlal
Sif Muna
Trog
Vehumet
Xom
Yredelemnul
Zin
The Shining One

Shops:
D:5 [

Annotations:
D:2 1 exclusion
D:8 Joseph


Innate Abilities, Weirdness & Mutations

You do not eat or drink.
Your flesh is vulnerable to fire.
You are immune to poison.
Your flesh is cold resistant.
You are immune to negative energy.
You are immune to unholy pain and torment.
You can survive without breathing.


Message History

* * * LOW HITPOINT WARNING * * *
Read which item? (? for menu, Esc to quit)
As you read the scroll of teleportation, it crumbles to dust.
You feel strangely unstable. The iguana barely misses you.
The orc wizard barely misses you. The gnoll sergeant misses you.
You puncture the orc wizard!
You kill the orc wizard!
Okawaru accepts your kill.
Your Charms skill increases to level 3!
The iguana bites you.
* * * LOW HITPOINT WARNING * * *
The gnoll sergeant barely misses you.
Things that are here:
a dagger of venom; a robe; an orc corpse Your surroundings suddenly seem different.
A killer bee comes into view.
The killer bee buzzes angrily.
You hear an angry buzzing noise. x3
You hear a shout!
You hear an angry buzzing noise.
The killer bee stings you.
You die...

#o# ..... ..o..
.. .....##
..... .. ...#
#. .# #. .# #
#. .#
#.##.#.####y#
.##......yy...#
.......@y#
######.### #.
#. #. .. #. #.
##.....


You could see 4 killer bees.

Vanquished Creatures
  Grinder (D:5)
  Sigmund (D:4)
  An ice beast (D:7)
  2 black bears (D:7)
  3 ogres
  A phantom (D:5)
  4 centaurs
  3 giant frogs
  3 crimson imps
  A giant frog zombie (D:7)
  A centaur zombie (D:5)
  2 orc priests (D:6)
  2 hounds
  4 giant frog skeletons
  A gnoll shaman (D:5)
  5 iguanas
  Natasha (thrice) (D:4)
  5 worker ants
  3 orc wizards
  A hound zombie (D:5)
  2 hound skeletons
  A worker ant zombie (D:5)
  10 gnolls
  13 adders
  2 oozes
  An adder skeleton (D:5)
  4 worms
  3 dart slugs
  4 giant geckos
  17 orcs
  A ball python (D:2)
  5 giant cockroaches
  9 goblins
  7 hobgoblins
  3 jackals (D:2)
  A quokka (D:4)
  6 bats
  A giant newt (D:2)
  5 kobolds
  11 rats
153 creatures vanquished.

Notes
Turn   | Place    | Note
--------------------------------------------------------------
     0 | D:1      | Alarkh the Mummy Skald began the quest for the Orb.
     0 | D:1      | Reached XP level 1. HP: 16/16 MP: 3/3
    38 | D:1      | Reached skill level 2 in Polearms
    38 | D:1      | Reached XP level 2. HP: 17/22 MP: 1/5
   637 | D:2      | Reached XP level 3. HP: 11/27 MP: 0/6
   744 | D:2      | Reached skill level 3 in Polearms
  1116 | D:2      | Noticed a giant frog
  1204 | D:2      | Reached XP level 4. HP: 33/33 MP: 3/7
  1759 | D:3      | Reached skill level 4 in Polearms
  2083 | D:3      | Reached XP level 5. HP: 32/38 MP: 3/8
  2287 | D:3      | Learned a level 2 spell: Shroud of Golubria
  2291 | D:3      | Learned a level 3 spell: Spectral Weapon
  2478 | D:4      | Found a shimmering altar of Xom.
  2478 | D:4      | Found a burning altar of Makhleb.
  2587 | D:4      | Found a blossoming altar of Fedhas.
  2613 | D:4      | Reached skill level 5 in Polearms
  3000 | D:4      | Reached XP level 6. HP: 34/44 MP: 0/9
  3020 | D:4      | Noticed Sigmund
  3331 | D:4      | Killed Sigmund
  3331 | D:4      | Reached skill level 6 in Polearms
  3631 | D:4      | Reached XP level 7. HP: 36/50 MP: 3/10
  3739 | D:4      | Noticed Natasha
  3745 | D:4      | Killed Natasha
  3753 | D:4      | Noticed a moth of wrath
  3756 | D:4      | Found a bloodstained altar of Trog.
  3923 | D:4      | Noticed Natasha
  3928 | D:4      | Killed Natasha
  4159 | D:4      | Found a blossoming altar of Fedhas.
  4398 | D:4      | Found a shimmering altar of Xom.
  4398 | D:4      | Found a burning altar of Makhleb.
  4714 | D:4      | Noticed Natasha
  4723 | D:4      | Killed Natasha
  4731 | D:5      | Entered Level 5 of the Dungeon
  4791 | D:5      | Reached skill level 7 in Polearms
  4835 | D:5      | Found Kuacur Bige's Armour Shop.
  5216 | D:5      | Noticed Grinder
  5227 | D:5      | Paralysed by Grinder for 7 turns
  5252 | D:5      | Killed Grinder
  5467 | D:5      | Found a shattered altar of Ashenzari.
  5515 | D:5      | Found a staircase to the Ecumenical Temple.
  5548 | Temple   | Entered the Ecumenical Temple
  5624 | D:5      | Reached XP level 8. HP: 52/56 MP: 11/11
  5647 | D:5      | Reached skill level 8 in Polearms
  5697 | D:5      | Found a shimmering altar of Xom.
  5809 | D:5      | Found a shadowy altar of Dithmenos.
  6058 | Temple   | Became a worshipper of Warmaster Okawaru
  6434 | D:6      | Found a basalt altar of Yredelemnul.
  6778 | D:6      | Found a glowing silver altar of Zin.
  6778 | D:6      | Found an opulent altar of Gozag.
  6826 | D:6      | Reached skill level 9 in Polearms
  7597 | D:7      | Reached * piety under Okawaru
  8007 | D:7      | Reached skill level 10 in Polearms
  8018 | D:7      | Reached XP level 9. HP: 39/61 MP: 5/12
  8439 | D:8      | Noticed Joseph
  8620 | D:8      | Found a stormy altar of Qazlal.
  8644 | D:8      | Found a white marble altar of Elyvilon.
  8913 | D:8      | Reached ** piety under Okawaru
  8913 | D:8      | HP: 2/61 [iguana (2)]
  8915 | D:8      | Slain by a killer bee

Skill      XL: |  1  2  3  4  5  6  7  8  9 |
---------------+----------------------------+-----
Polearms       | 2 3 4 5 6 7 10 | 10.5
Charms         | 3 |  3.0
Fighting       | |  2.0
Armour         | |  0.7
Dodging        | |  0.7
Spellcasting   | |  2.7

Action                   |  1- 3 |  4- 6 |  7- 9 || total
-------------------------+-------+-------+-------++-------
Melee: Spear             |   128 |   215 |    25 ||   368
       Trident           |       |       |   333 ||   333
 Cast: Infusion          |    16 |    29 |    47 ||    92
       Shroud of Golubri |       |     2 |    20 ||    22
       Spectral Weapon   |       |     1 |       ||     1
  Use: Scroll            |       |     5 |     4 ||     9
 Stab: Sleeping          |       |     3 |     1 ||     4
       Invisible         |       |     2 |       ||     2
Armor: Leather armour    |    23 |    53 |    21 ||    97
       Robe              |       |       |    35 ||    35
Dodge: Dodged            |    55 |    91 |   139 ||   285
